 Dungeon Crawl Stone Soup version 0.32-a0-599-gba8f9cf90e (webtiles) character file.

Game seed: 12499191218788669310

279514 whatisthis the Cloud Mage (level 20, -3/137 HPs)
             Began as a Tengu Air Elementalist on Mar 2, 2024.
             Was the Champion of Vehumet.
             Shot with a bolt by a yaktaur captain (8 damage)
             ... on level 2 of the Vaults on Mar 3, 2024.
             The game lasted 02:48:08 (51382 turns).

whatisthis the Cloud Mage (Tengu Air Elementalist) Turns: 51382, Time: 02:48:09

Health: -3/137     AC: 13    Str: 11    XL:     20   Next: 45%
Magic:  18/50      EV: 21    Int: 27    God:    Vehumet [******]
Gold:   3561       SH:  6    Dex: 15    Spells: 9/50 levels left

rFire   . . .        j - staff of air
rCold   + . .        y - +2 buckler
rNeg    . . .        Y - +1 leather armour {rPois}
rPois   +            I - +3 hat of Pondering {ponderous, Will+ MP+10 Int+5}
rElec   +            W - +2 cloak
rCorr   .            R - +2 pair of gloves
SInv    .            (boots unavailable)
Will    +++..        f - amulet of magic regeneration
Stlth   ++++         V - ring of willpower
HPRegen 0.42/turn    M - ring of protection from cold
MPRegen 0.72/turn

%: acrobat
@: flying, slow
A: beak, talons 3, evasive flight, acrobatic
}: 2/15 runes: decaying, gossamer
a: Renounce Religion


You were on level 2 of the Vaults.
You worshipped Vehumet.
Vehumet was exalted by your worship.
You visited 7 branches of the dungeon, and saw 33 of its levels.
You also visited: Ossuary.

You collected 4319 gold pieces.
You spent 758 gold pieces at shops.

Inventory:

Hand Weapons
 K - the +4 dagger of Amortisation {freeze, rF++ Int+5 Dex+2}
   (You found it on level 3 of the Swamp)

   Int+5:     It affects your intelligence (+5).
   Dex+2:     It affects your dexterity (+2).
   rF++:      It greatly protects you from fire.
 P - the +4 dagger of Grontol {flame, Dex+4 SInv}
   (You found it on level 1 of the Lair of Beasts)

   Dex+4:     It affects your dexterity (+4).
   SInv:      It lets you see invisible.
Missiles
 k - 28 poisoned darts
 B - 3 curare-tipped darts
 N - 6 throwing nets
Armour
 y - a +2 buckler (worn)
 I - the +3 hat of Pondering (worn) {ponderous, Will+ MP+10 Int+5}
   (You took it off Gastronok on level 10 of the Dungeon)

   Int+5:     It affects your intelligence (+5).
   Will+:     It increases your willpower.
   MP+10:     It affects your magic capacity (+10).
 R - a +2 pair of gloves (worn)
 W - a +2 cloak (worn)
 Y - a +1 leather armour of poison resistance (worn)
Magical Staves
 j - a staff of air (weapon)
Jewellery
 e - a ring of positive energy
 f - an amulet of magic regeneration (around neck)
 n - a +5 ring of evasion
 z - a ring of protection from fire
 H - a ring of willpower
 M - a ring of protection from cold (right hand)
 V - a ring of willpower (left hand)
Wands
 w - a wand of acid (4)
 F - a wand of flame (21)
 J - a wand of paralysis (33)
 Q - a wand of iceblast (31)
 S - a wand of digging (4)
 T - a wand of polymorph (18)
Scrolls
 a - 5 scrolls of poison
 c - 4 scrolls of enchant weapon
 h - 8 scrolls of enchant armour
 i - 5 scrolls of amnesia
 l - 12 scrolls of teleportation
 m - 5 scrolls of immolation
 p - 2 scrolls of blinking
 q - 10 scrolls of fog
 v - 7 scrolls of revelation
 C - 7 scrolls of butterflies
 E - 5 scrolls of fear
 X - 15 scrolls of identify
Potions
 b - 5 potions of attraction
 d - a potion of cancellation
 g - 7 potions of brilliance
 o - 5 potions of lignification
 r - 8 potions of invisibility
 s - 6 potions of might
 t - 15 potions of ambrosia
 u - 4 potions of haste
 x - 12 potions of curing
 A - a potion of mutation
 L - 2 potions of resistance
 O - 4 potions of magic
 U - 2 potions of berserk rage
 Z - 3 potions of enlightenment
Miscellaneous
 G - a lightning rod (4/4)


   Skills:
 + Level 18.5 Fighting
 - Level 12.0 Dodging
 - Level 10.1 Stealth
 + Level 15.7 Spellcasting
 + Level 21.2 Conjurations
 + Level 21.5 Air Magic


You had 9 spell levels left.
You knew the following spells:

 Your Spells              Type           Power      Damage    Failure   Level
a - Shock                 Conj/Air       100%       1d9       0%          1
b - Orb of Destruction    Conj           47%        9d12      1%          7
c - Swiftness             Air            100%       N/A       0%          3
d - Airstrike             Air            58%        2d(9-25)  0%          4
e - Freezing Cloud        Conj/Ice/Air   49%        6-21      1%          5
f - Iskenderun's Mystic   Conj/Tloc      68%        2d14      1%          4
g - Arcjolt               Conj/Air       58%        1d68      0%          5
h - Starburst             Conj/Fire      34%        6d10      2%          6
j - Plasma Beam           Fire/Air       43%        2x1d57    2%          6

Your spell library contained the following spells:

 Spells                   Type           Power      Damage    Failure   Level
 Maxwell's Capacitive Co  Air            58%        ∞         1%          8
 Chain Lightning          Conj/Air       58%        3d78      19%         9
 Polar Vortex             Ice            10%        12d1*     100%        9
 Magic Dart               Conj           100%       1d8       0%          1
 Static Discharge         Conj/Air       100%       3-8/arc   0%          2
 Sting                    Conj/Alch      100%       1d9       1%          1
 Mercury Vapours          Alch/Air       100%       N/A       1%          2
 Mephitic Cloud           Conj/Alch/Air  99%        N/A       1%          3
 Flame Wave               Conj/Fire      68%        2d15      1%          4
 Fulminant Prism          Conj/Alch      34%        3d15      1%          4
 Summon Lightning Spire   Summ/Air       87%        N/A       1%          4
 Bombard                  Conj/Erth      34%        9d6       2%          6
 Apportation              Tloc           42%        N/A       4%          1
 Inner Flame              Hex/Fire       21%        N/A       4%          3
 Blink                    Tloc           42%        N/A       7%          2
 Call Imp                 Summ           42%        N/A       7%          2
 Ensorcelled Hibernation  Hex/Ice        42%        N/A       7%          2
 Jinxbite                 Hex            42%        N/A       7%          2
 Sublimation of Blood     Necr           21%        N/A       7%          2
 Olgreb's Toxic Radiance  Alch           21%        N/A       13%         4
 Sticky Flame             Fire/Alch      21%        2d6       13%         4
 Call Canine Familiar     Summ           21%        N/A       14%         3
 Fugue of the Fallen      Necr           21%        N/A       14%         3
 Passwall                 Erth           21%        N/A       14%         3
 Sigil of Binding         Hex            21%        N/A       14%         3
 Tukima's Dance           Hex            21%        N/A       14%         3
 Lee's Rapid Deconstruct  Erth           10%        3d8*      32%         5
 Yara's Violent Unravell  Hex/Alch       10%        3d6       32%         5
 Animate Dead             Necr           21%        N/A       43%         4
 Dimensional Bullseye     Hex/Tloc       10%        N/A       43%         4
 Leda's Liquefaction      Alch/Erth      10%        N/A       43%         4
 Manifold Assault         Tloc           21%        N/A       43%         4
 Martyr's Knell           Necr/Summ      21%        N/A       43%         4
 Passage of Golubria      Tloc           21%        N/A       43%         4
 Alistair's Intoxication  Alch           14%        N/A       78%         5
 Dispersal                Tloc           10%        N/A       100%        6
 Summon Hydra             Summ           10%        N/A       100%        7
 Disjunction              Tloc           10%        N/A       100%        8


Dungeon Overview and Level Annotations

Branches:
Dungeon (15/15)            Temple (1/1) D:6            Lair (5/5) D:9
  Swamp (4/4) Lair:3       Spider (4/4) Lair:2        Slime (0/5) Lair:4
    Orc (2/2) D:10            Elf (0/3) Orc:2        Vaults (2/5) D:14
  Crypt (0/3) Vaults:2     Depths (0/4) D:15        Ossuary (visited)

Altars:
Ashenzari
Cheibriados
Dithmenos
Elyvilon
Fedhas
Gozag
Hepliaklqana
Kikubaaqudgha
Makhleb
Nemelex Xobeh
Okawaru
Qazlal
Ru
Sif Muna
Trog
Uskayaw
Vehumet
Wu Jian
Xom
Yredelemnul
Zin
The Shining One
Beogh
Jiyva

Shops:
D:2 *   D:4 *   D:8 ?   D:14 (:   D:15 !   Orc:1 :   Orc:2 [*(:   Vaults:1 :

Annotations:
D:7 2 runed translucent doors, jestert79's ghost, novice CoAr
D:13 1 runed translucent door
D:14 2 exclusions, Frances; Snorg
D:15 Rupert
Spider:2 3 runed translucent doors, soberseth's ghost, journeyman MiFi
Vaults:1 1 exclusion


Innate Abilities, Weirdness & Mutations

You have a beak for a mouth.
You have claws for feet.
Your magical flight helps you evade attacks. (EV +4)
You can magically evade attacks while moving or waiting.


Message History

The yaktaur captain is heavily wounded.
You hear a shout! x5
The yaktaur captain shoots a bolt.
The bolt hits you!!
* * * LOW HITPOINT WARNING * * *
You feel much better.
The yaktaur captain shoots a bolt.
The bolt completely misses you.
Casting: Plasma Beam (dangerous; 2% risk of failure)
Confirm with . or Enter, or press ? or * to list all spells.
Aiming: Airstrike (safe; 0% risk of failure)
Press: ? - help, Dir - move target, f - yaktaur captain
Aim: a yaktaur captain, wielding a +0 arbalest (moderately wounded, empty space bonus: 8/8)
You feel a surge of power!
The air twists around and strikes the yaktaur captain!!!
The yaktaur captain is almost dead.
The yaktaur captain shoots a bolt.
The bolt hits you!!
* * * LOW HITPOINT WARNING * * *
You feel much better.
A yaktaur captain comes into view.
The yaktaur captain shoots a bolt.
The bolt closely misses you.
Casting: Airstrike (safe; 0% risk of failure)
Confirm with . or Enter, or press ? or * to list all spells.
Aiming: Airstrike (safe; 0% risk of failure)
Press: ? - help, Dir - move target, f/p - yaktaur captain
Aim: a yaktaur captain, wielding a +0 arbalest (almost dead, empty space bonus: 8/8)
You feel a surge of power!
The air twists around and strikes the yaktaur captain!
You kill the yaktaur captain!
Vehumet accepts your kill.
You feel your power returning.
The yaktaur captain wields a +0 arbalest of flaming.
It bursts into flame!
The yaktaur captain shoots a bolt.
The bolt hits you!
* * * LOW HITPOINT WARNING * * *
The bolt burns you.
* * * LOW HITPOINT WARNING * * *
The yaktaur captain shoots a bolt.
The bolt barely misses you.
As you read the scroll of fog, it dissolves into smoke.
The yaktaur captain shoots a bolt.
The bolt hits you!
* * * LOW HITPOINT WARNING * * *
The bolt burns you!
You die...

#.....# #...c.#
........# #...).#
........# #.....#
........# #.....#
........# #.†...#
......>.#
#.....########
........#
#...§§#......#########
........#
#...§@#.#..#.'........
........#
#...§§§......#).......
........#
#.†§..#.#..#.#........
........#
#.)...#......#......<.
........#
#.....########|.......
#######'####.[...#
#........
.................#
#........
.................#
##'##'##'
.................#
#.......


You could see a yaktaur captain.

Vanquished Creatures
  the Lernaean hydra (Swamp:4)
  Arachne (Spider:2)
  Jorgrun (D:12)
  Gastronok (D:10)
  Agnes (Spider:1)
  2 fenstrider witches
  5 emperor scorpions
  3 vault wardens (Vaults:1)
  4 ghost moths
  2 ghouls (Swamp:2)
  2 orc warlords
  7 ironbound preservers
  6 broodmothers
  An ironbound thunderhulk (Vaults:1)
  Nessos (Lair:4)
  5 eleionomae
  2 war gargoyles
  3 dire elephants (Vaults:2)
  4 bunyips (Swamp:3)
  3 spark wasps
  An eidolon (Vaults:2)
  A jiangshi (Vaults:2)
  9 entropy weavers
  A shambling mangrove (Swamp:3)
  A crystal guardian (Vaults:1)
  4 yaktaur captains
  2 great orbs of eyes
  18 hydras
  Harold (Lair:1)
  5 vault guards
  A spriggan air mage (Swamp:4)
  2 rakshasas (D:15)
  4 ironbound frosthearts
  7 radroaches
  4 catoblepae
  7 ghost crabs
  5 alligators
  2 peacekeepers
  An ogre mage (Orc:2)
  A jorogumo (Spider:2)
  6 centaur warriors
  7 boulder beetles
  6 death yaks (Lair:5)
  2 death knights
  10 two-headed ogres
  3 tengu warriors
  3 occultists (D:15)
  11 demonic crawlers
  An orc high priest (Orc:2)
  A hell knight (D:15)
  6 spriggans
  A storm dragon zombie (Vaults:2)
  Nergalle (Lair:1)
  Lodul (D:14)
  13 goliath frogs
  13 pharaoh ants
  3 death drakes (Swamp:2)
  3 spriggan druids
  2 skysharks
  An arcanist (Vaults:2)
  2 flayed ghosts (D:15)
  A sun moth (Spider:1)
  7 orb spiders
  21 deep trolls
  A glowing orange brain (Vaults:2)
  13 swamp dragons
  6 bog bodies (Swamp:2)
  6 ironbound convokers
  6 steelbarb worms
  2 deep elf pyromancers
  9 lindwurms
  A phantasmal warrior (Vaults:2)
  A harpy (shapeshifter) (D:15)
  A frost giant zombie (Vaults:2)
  7 oklob plants
  5 orc knights (Orc:2)
  9 ugly things
  3 necromancers (Vaults:2)
  Maurice (Orc:1)
  A meliai (shapeshifter) (D:15)
  25 wolf spiders
  7 cyclopes
  6 orc sorcerers
  4 moths of wrath
  A fire giant zombie (Vaults:2)
  9 will-o-the-wisps
  5 manticores
  3 meliai (D:15)
  A vault sentinel (Vaults:1)
  3 black mambas
  11 elephants
  2 gargoyles
  17 cane toads
  5 torpor snails
  Maggie (Lair:1)
  3 yaktaurs (Vaults:1)
  An unseen horror (shapeshifter) (D:15)
  2 kobold demonologists (D:11)
  A tengu conjurer (D:14)
  2 ice devils (Lair:5)
  2 efreet
  8 komodo dragons
  3 rime drakes (Lair:3)
  5 trolls
  A queen bee (Lair:3)
  6 bloated husks (Swamp:2)
  11 hornets
  5 blink frogs (Lair:4)
  28 tarantellas
  7 tyrant leeches
  11 dream sheep
  A dream sheep (shapeshifter) (D:14)
  54 jumping spiders
  A human simulacrum (Vaults:2)
  2 shadows
  An elf simulacrum (Vaults:2)
  33 culicivoras
  17 slime creatures
  5 water elementals (D:15)
  3 wraiths
  Eustachio (D:6)
  93 yaks
  A vampire (D:11)
  6 wyverns
  10 basilisks
  6 wargs
  69 redbacks
  2 steam dragons
  12 vampire mosquitoes
  19 swamp worms
  3 acid dragons
  13 water moccasins
  27 orc warriors
  2 black bears
  14 swamp drakes
  14 ogres
  3 ice beasts
  A laughing skull (D:14)
  3 sky beasts
  18 wolves
  3 centaurs
  A phantom (D:5)
  3 kobold brigands
  Blork the orc (D:6)
  A brain worm (shapeshifter) (D:15)
  12 bullfrogs
  3 elf zombies
  A glowing shapeshifter simulacrum (Vaults:2)
  2 elf skeletons (D:4)
  A scorpion (D:6)
  A wight (D:9)
  43 killer bees
  2 howler monkeys
  2 vampire bats (D:9)
  2 electric eels (D:15)
  2 bombardier beetles (D:5)
  A centaur zombie (Ossuary)
  3 jellies
  A gnoll bouda (D:5)
  22 orc priests
  4 human zombies
  A human skeleton (D:4)
  7 iguanas
  28 orc wizards
  A sleepcap (D:7)
  12 hell rats
  4 hound zombies (Ossuary)
  2 mummies (Ossuary)
  Robin (D:4)
  14 adders
  A gnoll (D:7)
  2 river rats (Lair:3)
  2 shadow imps
  2 white imps
  2 ufetubi (D:6)
  3 adder zombies (Ossuary)
  3 dart slugs
  129 orcs
  11 ball pythons
  4 bat zombies (D:9)
  9 endoplasms
  5 giant cockroaches
  4 gnoll zombies (Ossuary)
  8 hobgoblins
  7 jackals
  18 kobolds
  5 quokkas
  3 training dummies (D:14)
  5 bats
  4 frilled lizards
  15 goblins
  4 jackal zombies (Ossuary)
  7 kobold zombies (Ossuary)
  10 orc zombies
  11 rats
1414 creatures vanquished.

Vanquished Creatures (others)
  10 foxfires
  10 fulminant prisms
20 creatures vanquished.

Grand Total: 1434 creatures vanquished

Notes
Turn   | Place    | Note
-------+----------+-------------------------------------------
     0 | D:1      | whatisthis the Tengu Air Elementalist began the quest for
                  | the Orb.
     0 | D:1      | Reached XP level 1. HP: 10/10 MP: 4/4
   112 | D:1      | Reached XP level 2. HP: 15/15 MP: 0/6
   685 | D:1      | Reached XP level 3. HP: 19/19 MP: 4/7
   688 | D:1      | Learned a level 2 spell: Static Discharge
  1487 | D:2      | Found Foqeheas's Assorted Antiques.
  1773 | D:2      | Reached XP level 4. HP: 24/24 MP: 7/9
  1886 | D:2      | Found a faded altar of an unknown god.
  2103 | D:2      | Reached skill level 5 in Air Magic
  2789 | D:3      | Found a burning altar of Makhleb.
  2933 | D:3      | Reached XP level 5. HP: 28/28 MP: 4/10
  3553 | D:3      | Reached XP level 6. HP: 32/32 MP: 6/12
  3717 | D:3      | Found a glowing golden altar of the Shining One.
  3957 | D:3      | Found a broken altar of Ashenzari.
  4052 | D:4      | Found Guanarch's Assorted Antiques.
  4085 | D:4      | Learned a level 3 spell: Swiftness
  4090 | D:4      | Learned a level 4 spell: Airstrike
  4196 | D:4      | Reached skill level 5 in Conjurations
  4218 | D:4      | Found a sand-covered staircase.
  4279 | D:4      | Gained mutation: Your magical flight helps you evade
                  | attacks. (EV +4) [Tengu growth]
  4279 | D:4      | Reached XP level 7. HP: 13/36 MP: 0/14
  4308 | Ossuary  | Entered an ossuary
  5166 | Ossuary  | Reached skill level 5 in Spellcasting
  5437 | D:4      | Reached XP level 8. HP: 41/41 MP: 13/16
  5489 | D:4      | Found a bloodstained altar of Trog.
  5702 | D:4      | Identified the +2 rapier of Turmoil {elec, Str+3 Dex+3}
  5742 | D:4      | You are sucked into a shaft and drop 3 floors!
  6286 | D:6      | Noticed a two-headed ogre
  6412 | D:6      | Noticed Eustachio
  6450 | D:6      | Killed a two-headed ogre
  6451 | D:6      | Reached XP level 9. HP: 45/45 MP: 1/19
  6687 | D:5      | Entered Level 5 of the Dungeon
  7002 | D:4      | Noticed Robin
  7002 | D:4      | Found a stormy altar of Qazlal.
  7428 | D:4      | Killed Robin
  8212 | D:5      | Reached skill level 10 in Air Magic
  9480 | D:6      | Noticed Blork the orc
  9481 | D:6      | Killed Blork the orc
  9482 | D:6      | Reached skill level 10 in Conjurations
  9518 | D:6      | Found a staircase to the Ecumenical Temple.
  9533 | Temple   | Entered the Ecumenical Temple
  9554 | Temple   | Became a worshipper of Vehumet
  9593 | D:6      | Found a basalt altar of Yredelemnul.
  9595 | D:6      | Found a sacrificial altar of Ru.
  9937 | D:6      | Killed Eustachio
 10334 | D:7      | Reached XP level 10. HP: 50/50 MP: 6/22
 10708 | D:7      | Found a large runed translucent door.
 10709 | D:7      | Found a large runed translucent door.
 10796 | D:7      | Noticed jestert79's ghost (novice CoAr)
 10919 | D:7      | Found a shadowy altar of Dithmenos.
 11209 | D:7      | Reached * piety under Vehumet
 11209 | D:7      | Offered knowledge of Foxfire by Vehumet.
 11346 | D:7      | Noticed a manticore
 11353 | D:7      | Killed a manticore
 11429 | D:7      | Noticed a red ugly thing
 11758 | D:7      | Noticed a cyclops
 11794 | D:7      | Killed a red ugly thing
 12596 | D:8      | Offered knowledge of Magic Dart by Vehumet.
 12720 | D:8      | Reached ** piety under Vehumet
 12892 | D:8      | Found a roughly hewn altar of Beogh.
 13933 | D:8      | Reached XP level 11. HP: 54/54 MP: 17/25
 14056 | D:8      | Found Oqysiom's Magic Scroll Shop.
 14266 | D:9      | Offered knowledge of Mephitic Cloud by Vehumet.
 14285 | D:9      | Learned a level 3 spell: Mephitic Cloud
 14355 | D:9      | Found a staircase to the Lair.
 14422 | D:9      | Noticed a two-headed ogre
 14432 | D:9      | Killed a two-headed ogre
 14561 | D:9      | Reached *** piety under Vehumet
 14575 | D:9      | Found an ancient bone altar of Kikubaaqudgha.
 15183 | D:9      | Identified a scroll of acquirement
 15185 | D:10     | Entered Level 10 of the Dungeon
 15187 | D:10     | Noticed a deep elf pyromancer
 15188 | D:10     | Found a staircase to the Orcish Mines.
 15258 | D:10     | Found a flagged portal.
 15299 | D:10     | Killed a deep elf pyromancer
 15530 | D:10     | Offered knowledge of Fulminant Prism by Vehumet.
 15542 | D:10     | Learned a level 4 spell: Fulminant Prism
 15659 | D:10     | Noticed Gastronok
 15783 | D:10     | Reached skill level 10 in Spellcasting
 16420 | D:10     | Killed Gastronok
 17013 | D:10     | Found a sparkling altar of Nemelex Xobeh.
 17044 | D:11     | Noticed a sun demon
 17110 | D:11     | Reached XP level 12. HP: 59/59 MP: 24/27
 17282 | D:11     | Reached **** piety under Vehumet
 17469 | D:11     | Noticed a boulder beetle
 17477 | D:11     | Killed a boulder beetle
 17551 | D:11     | Noticed a centaur warrior
 17561 | D:11     | Killed a centaur warrior
 17562 | D:11     | Reached skill level 15 in Air Magic
 17690 | D:11     | Reached skill level 1 in Fighting
 18077 | D:2      | Bought a peridot ring for 140 gold pieces
 18232 | Lair:1   | Entered Level 1 of the Lair of Beasts
 18232 | Lair:1   | Noticed Harold
 18238 | Lair:1   | Killed Harold
 18337 | Lair:1   | Noticed Maggie
 18362 | Lair:1   | Killed Maggie
 18665 | Lair:1   | Noticed Nergalle
 18671 | Lair:1   | Killed Nergalle
 18688 | Lair:1   | Offered knowledge of Arcjolt by Vehumet.
 18689 | Lair:1   | Reached skill level 5 in Dodging
 18692 | Lair:1   | Reached skill level 5 in Stealth
 18885 | Lair:1   | Reached XP level 13. HP: 72/72 MP: 18/28
 18920 | Lair:1   | Reached skill level 5 in Fighting
 19001 | Lair:1   | Identified the +4 dagger of Grontol {flame, Dex+4 SInv}
 19591 | Lair:2   | Found a shadowy altar of Dithmenos.
 19832 | Lair:2   | Learned a level 5 spell: Arcjolt
 19942 | Lair:2   | Reached ***** piety under Vehumet
 19943 | Lair:2   | Offered knowledge of Iskenderun's Mystic Blast by Vehumet.
 19998 | Lair:2   | Learned a level 4 spell: Iskenderun's Mystic Blast
 20291 | Lair:2   | Found a hole to the Spider Nest.
 21219 | Lair:3   | Reached XP level 14. HP: 84/84 MP: 29/29
 21339 | Lair:3   | Offered knowledge of Ozocubu's Refrigeration by Vehumet.
 22172 | Lair:3   | Found a staircase to the Swamp.
 22418 | Lair:3   | Reached skill level 10 in Dodging
 22418 | Lair:3   | Reached skill level 10 in Stealth
 22597 | Lair:3   | Acquired a staff of air
 23156 | Lair:4   | Noticed Nessos
 23162 | Lair:4   | Killed Nessos
 23162 | Lair:4   | HP: 4/86 [poisoned by Nessos]
 23415 | Lair:4   | Found a viscous altar of Jiyva.
 23698 | Lair:4   | Found a staircase to the Slime Pits.
 24074 | Lair:5   | Entered Level 5 of the Lair of Beasts
 24079 | Lair:5   | Reached skill level 15 in Conjurations
 24117 | Lair:5   | Found a frozen archway.
 24227 | Lair:5   | Offered knowledge of Freezing Cloud by Vehumet.
 24718 | Lair:5   | Learned a level 5 spell: Freezing Cloud
 25203 | Lair:5   | Reached skill level 10 in Fighting
 25208 | Lair:5   | Reached XP level 15. HP: 92/92 MP: 31/31
 26337 | D:12     | Noticed Jorgrun
 26746 | D:12     | Killed Jorgrun
 27420 | D:13     | Found a runed translucent door.
 27878 | D:14     | Noticed Snorg
 28002 | D:14     | Noticed Lodul
 28010 | D:14     | Killed Lodul
 28058 | D:14     | Offered knowledge of Iskenderun's Battlesphere by Vehumet.
 28378 | D:14     | Found a gate to the Vaults.
 28490 | D:14     | Found Egav Gyi's Firing Range.
 28739 | D:14     | Found Ahihus's Book Shop.
 28903 | D:14     | Noticed Frances
 29409 | D:15     | Entered Level 15 of the Dungeon
 29466 | D:15     | Identified the +7 dagger "Doikhlet" {freeze, rF+ rCorr
                  | Str+3 Dex+2}
 29942 | D:15     | Reached XP level 16. HP: 101/101 MP: 14/33
 30294 | D:15     | Found a staircase to the Depths.
 30393 | D:15     | Noticed Rupert
 30413 | D:15     | Upgraded the game from 0.32-a0-597-g8e3e136d6a to
                  | 0.32-a0-599-gba8f9cf90e
 30889 | D:15     | Found Vaalanou's Distillery.
 31635 | Orc:1    | Entered Level 1 of the Orcish Mines
 31690 | Orc:1    | Found Zuiromeu's Magic Scroll Emporium.
 31870 | Orc:2    | Entered Level 2 of the Orcish Mines
 31946 | Orc:1    | Offered knowledge of Plasma Beam by Vehumet.
 31966 | Orc:1    | Learned a level 6 spell: Plasma Beam
 32154 | Orc:2    | Found a staircase to the Elven Halls.
 32399 | Orc:2    | Found a roughly hewn altar of Beogh.
 32642 | Orc:2    | Found Bonuptel's Book Shoppe.
 32683 | Orc:2    | Found Xinysch's General Store.
 32700 | Orc:2    | Found Amatt's Antique Armour Shoppe.
 32912 | Orc:2    | Found a shimmering blue altar of Sif Muna.
 33127 | Orc:2    | Found Rezeb's Antique Weapon Shoppe.
 33415 | Orc:1    | Found a roughly hewn altar of Beogh.
 33545 | Orc:1    | Noticed Maurice
 33551 | Orc:1    | Killed Maurice
 33575 | Orc:1    | Found Xinguthre's Book Shoppe.
 33698 | Orc:2    | Bought a scroll of fog for 60 gold pieces
 33698 | Orc:2    | Bought a scroll of teleportation for 45 gold pieces
 33698 | Orc:2    | Bought a scroll of teleportation for 45 gold pieces
 33742 | Orc:1    | Bought a scroll of fog for 48 gold pieces
 33742 | Orc:1    | Bought a scroll of fog for 48 gold pieces
 33742 | Orc:1    | Bought a scroll of identify for 24 gold pieces
 33742 | Orc:1    | Bought a scroll of fear for 48 gold pieces
 33742 | Orc:1    | Bought a scroll of butterflies for 48 gold pieces
 33742 | Orc:1    | Bought a scroll of identify for 24 gold pieces
 33742 | Orc:1    | Bought a scroll of enchant armour for 90 gold pieces
 33742 | Orc:1    | Bought a scroll of identify for 24 gold pieces
 33742 | Orc:1    | Bought a scroll of identify for 24 gold pieces
 33742 | Orc:1    | Bought a scroll of revelation for 90 gold pieces
 33971 | Swamp:1  | Entered Level 1 of the Swamp
 35162 | Swamp:2  | Reached XP level 17. HP: 109/109 MP: 31/35
 35544 | Swamp:2  | Offered knowledge of Orb of Destruction by Vehumet.
 35555 | Swamp:2  | Learned a level 7 spell: Orb of Destruction
 35877 | Swamp:2  | Identified the +2 robe of Polytheism {Str+5}
 36212 | Swamp:2  | Found a blossoming altar of Fedhas.
 36799 | Swamp:2  | Identified the +3 scale mail "Wiutyre" {Str-3 Int+6 Dex+3}
 37516 | Swamp:2  | Got the Almanac of Glowing Unholy Arts
 37968 | Swamp:3  | Identified the +1 chain mail "Zef Tues" {Str+3}
 38326 | Swamp:3  | Identified the +4 dagger of Amortisation {freeze, rF++
                  | Int+5 Dex+2}
 38787 | Swamp:4  | Entered Level 4 of the Swamp
 39040 | Swamp:4  | Offered knowledge of Starburst by Vehumet.
 39489 | Swamp:4  | Learned a level 6 spell: Starburst
 39686 | Swamp:4  | Noticed the 27-headed Lernaean hydra
 39874 | Swamp:4  | Killed the 27-headed Lernaean hydra
 39952 | Swamp:4  | Reached XP level 18. HP: 117/118 MP: 23/36
 40173 | Swamp:4  | Got a decaying rune of Zot
 40608 | Spider:1 | Entered Level 1 of the Spider Nest
 40615 | Spider:1 | Reached skill level 15 in Fighting
 41304 | Spider:1 | Noticed Agnes
 41310 | Spider:1 | Killed Agnes
 41686 | Spider:1 | Reached ****** piety under Vehumet
 41753 | Spider:1 | Offered knowledge of Chain Lightning by Vehumet.
 41753 | Spider:1 | Offered knowledge of Polar Vortex by Vehumet.
 41753 | Spider:1 | Offered knowledge of Maxwell's Capacitive Coupling by
                  | Vehumet.
 42644 | Spider:2 | Noticed Arachne
 42718 | Spider:2 | Killed Arachne
 43507 | Spider:2 | Found a runed translucent gate.
 43507 | Spider:2 | Found a runed translucent gate.
 43508 | Spider:2 | Found a runed translucent gate.
 43512 | Spider:2 | Noticed soberseth's ghost (journeyman MiFi)
 45021 | Spider:2 | Reached XP level 19. HP: 121/128 MP: 22/38
 46379 | Spider:4 | Entered Level 4 of the Spider Nest
 47894 | Spider:4 | Reached skill level 15 in Spellcasting
 48147 | Spider:4 | Got a gossamer rune of Zot
 48554 | Vaults:1 | Entered Level 1 of the Vaults
 48771 | Vaults:1 | Found Yshireut's Book Shop.
 48841 | Vaults:1 | HP: 2/130 [crystal guardian/crystallizing shot[a
                  | peacekeeper] (33)]
 49623 | Vaults:1 | Reached XP level 20. HP: 89/136 MP: 26/40
 49934 | Vaults:1 | Acquired 673 gold pieces
 50022 | Vaults:1 | Identified the +1 ring mail of Hairiness {+Inv rF+ Regen+}
 50450 | Vaults:2 | Found a staircase to the Crypt.
 51382 | Vaults:2 | HP: 5/137 [yaktaur captain/bolt (17)]
 51382 | Vaults:2 | Shot with a bolt by a yaktaur captain

Illustrated notes

Levels and vault maps discovered:
D:1:      dpeg_arrival_rooms_a, layout_basic
D:2:      layout_basic, serial_shops, shop,
          dreamdust_ecumenical_altar_angels_and_demons
D:3:      layout_loops_cross, nicolae_overflow_hidden_temple, ashenzari_altar_1,
          marbit_many_paths, minmay_fractal_squares_5
D:4:      layout_basic, lightli_temple_of_fire, mainiacjoe_overflow_chevrons,
          serial_shops, nicolae_shop_advertising_works
          [nicolae_subvault_shop_adworks], nicolae_ossuary_entry_catacombs,
          lemuel_flame_loot_1, uniq_robin
D:5:      layout_layer_cave, kennysheep_generic_room_13
D:6:      layout_basic, mainiacjoe_overflow_catch_the_wave,
          minmay_temple_entry_mini_moons, portal_sewer_entry_d, uniq_eustachio,
          uniq_blork_the_orc
D:7:      layout_layer_cave, nicolae_dithmenos_shadow_blocks,
          ebering_ghost_disaster_area, minmay_shattered_shrine
D:8:      layout_loops_cross, serial_shops, nicolae_shop_trees, special_room
          [special_room_orc]
D:9:      layout_rooms, kennysheep_vampire_church, erik_lair_orcish_takeover,
          kennysheep_generic_room_7
D:10:     layout_irregular_city, lemuel_tele_altar, minmay_orc_entry_guard_dogs,
          enter_bailey_8, uniq_gastronok
D:11:     layout_roguey, grunt_ministairs_10
D:12:     layout_gridville, uniq_jorgrun
D:13:     gammafunk_mikee_crab_dinner, layout_cave_pools, serial_column_ruins,
          column_ruins_square_medium, column_ruins_courtyard_long,
          column_ruins_open_tiny, column_ruins_open_tiny,
          column_ruins_open_small_water, column_ruins_open_tiny,
          column_ruins_open_small, einodemon_crawler_minivault
D:14:     layout_grid_maze, lightli_vaults_fourway_checkpoint,
          kennysheep_doodads, serial_shops, nicolae_stop_n_shop_2,
          nicolae_shop_firing_range, uniq_lodul, uniq_frances, uniq_snorg
D:15:     kennysheep_seaside_town, layout_basic, serial_shops, shop,
          hangedman_abyss_or_decor_lesser_grid, uniq_rupert
Temple:   nicolae_temple_slightly_damp_pantheon
Lair:1:   layout_roguey, nicolae_lair_grazing_beasts
          [nicolae_sub_lair_graze_edge, nicolae_sub_lair_graze_edge,
          nicolae_sub_lair_graze_edge, nicolae_sub_lair_graze_edge],
          grunt_megastairs_1, uniq_harold, uniq_maggie, uniq_nergalle
Lair:2:   layout_loops_ring, nicolae_spider_entry_tight_spaces, basic_altar,
          st_stairs_5, nicolae_lair_run_with_the_wolves
Lair:3:   hangedman_what_comes_after_a, layout_hall_layers,
          palyth_hydra_swamp_entry, serial_bayou_pond_a
Lair:4:   layout_roguey, minmay_slime_entry_oklob_enclosed, uniq_nessos
Lair:5:   evilmike_catoblepas_cave, layout_cave_pods,
          portal_ice_cave_demonic_guard
Swamp:1:  layout_basic_swamp, evilmike_swamp_ruin_house_4, swamp_pool_1_2,
          st_swamp_ruins_1
Swamp:2:  regret_index_all_hallows'_manor, layout_basic_swamp,
          nicolae_swamp_godswood, swamp_pool_1_2
Swamp:3:  layout_falls_marsh, serial_swamp_ruin, evilmike_swamp_ruin_house_5,
          evilmike_swamp_ruin_rubble_2, swamp_pool_5
Swamp:4:  swamp_old_school, layout_basic_swamp
Spider:1: nicolae_spider_hilbert_zone_2 [nicolae_spider_hilbert_4_sides_1_open,
          nicolae_spider_hilbert_4_sides_1_open,
          nicolae_spider_hilbert_4_sides_1_open,
          nicolae_spider_hilbert_4_sides_1_open,
          nicolae_spider_hilbert_6_sides_1_open,
          nicolae_spider_hilbert_6_sides_1_open,
          nicolae_spider_hilbert_3_sides_1_open,
          nicolae_spider_hilbert_3_sides_1_open,
          nicolae_spider_hilbert_3_sides_1_open,
          nicolae_spider_hilbert_3_sides_1_open,
          nicolae_spider_hilbert_6_sides_1_open,
          nicolae_spider_hilbert_6_sides_1_open,
          nicolae_spider_hilbert_6_sides_1_open,
          nicolae_spider_hilbert_6_sides_1_open], uniq_agnes
Spider:2: layout_spider_delve, gammafunk_ghost_split, spiders_nest_spider_trap,
          uniq_arachne
Spider:3: layout_spider_delve, dreamdust_wasp_nest
Spider:4: grunt_spider_rune_parallel, nicolae_spider_circle_web
Orc:1:    layout_diamond_mine, serial_shops, shop, shop, minmay_orc_temple_b,
          uniq_maurice
Orc:2:    grunt_orc_cross, layout_caves, kennysheep_orc_sif_temple
Vaults:1: nicolae_vaults_closet_pinwheel_6, ontoclasm_vaults_gateway,
          nicolae_vaults_ninety_degrees, nicolae_vaults_heart-shaped_vault,
          v_misc_9, hangedman_vaults_nodes, nicolae_vaults_shelves_hall,
          nicolae_vaults_theta, vaults_dpeg_encased_lava,
          hangedman_vaults_cutoff, layout_vaults_big_room, serial_shops, shop
Vaults:2: nicolae_vaults_tetromino_Z_2, nicolae_vaults_hallways_thing,
          vaults_mumra_minichess_inversion, minmay_crypt_entry_simple_sparse,
          nicolae_vaults_rhombus_6, v_misc_15, nicolae_vaults_house_3,
          nicolae_vaults_trapezoid_2, nicolae_vaults_variable_pillar_hall,
          nicolae_vaults_tetromino_T_1, vaults_room_boxed,
          hangedman_vaults_stream, nicolae_vaults_stepped_doors,
          nicolae_vaults_border_crossing, layout_vaults_ring

Skill      XL: |  1  2  3  4  5  6  7  8  9 10 11 12 13 14 15 16 17 18 19 20 |
---------------+-------------------------------------------------------------+-----
Conjurations   | 2 3 4 5 6 8 10 12 14 15 16 17 18 19 20 21 | 21.2
Spellcasting   | 3 4 5 6 7 9 10 11 12 13 14 15 | 15.7
Air Magic      | 5 6 7 9 11 12 14 15 17 19 21 | 21.5
Fighting       | 4 8 10 11 13 14 17 18 | 18.5
Dodging        | 5 9 10 12 | 12.0
Stealth        | 5 9 10 | 10.1

Action                     |  1- 3 |  4- 6 |  7- 9 | 10-12 | 13-15 | 16-18 | 19-21 || total
---------------------------+-------+-------+-------+-------+-------+-------+-------++-------
  Melee: Short sword       |     1 |    15 |    56 |       |       |       |       ||    72
         Kick              |       |     6 |    33 |    67 |    25 |    13 |     1 ||   145
         Peck              |       |     5 |    17 |    47 |    20 |     4 |     1 ||    94
         Rapier            |       |       |    32 |   160 |    30 |       |       ||   222
         Dagger            |       |       |       |       |    14 |       |     1 ||    15
         Staff             |       |       |       |       |    14 |    16 |     1 ||    31
  Throw: Dart              |       |       |       |     3 |     1 |       |       ||     4
   Cast: Shock             |    76 |   110 |   192 |    41 |     1 |     1 |       ||   421
         Static Discharge  |     1 |    11 |    11 |    17 |     2 |       |       ||    42
         Airstrike         |       |       |    64 |   265 |   308 |   411 |   178 ||  1226
         Mephitic Cloud    |       |       |       |    21 |     5 |       |       ||    26
         Fulminant Prism   |       |       |       |     9 |     1 |       |       ||    10
         Swiftness         |       |       |       |     5 |     2 |     2 |     2 ||    11
         Arcjolt           |       |       |       |       |   165 |   151 |   140 ||   456
         Iskenderun's Myst |       |       |       |       |    48 |    38 |    29 ||   115
         Freezing Cloud    |       |       |       |       |    59 |   256 |    92 ||   407
         Plasma Beam       |       |       |       |       |       |    18 |     8 ||    26
         Orb of Destructio |       |       |       |       |       |    30 |    27 ||    57
         Starburst         |       |       |       |       |       |    30 |    13 ||    43
  Evoke: Wand              |       |       |     4 |    13 |     1 |     8 |     9 ||    35
    Use: Potion            |       |       |     1 |       |     2 |       |     3 ||     6
         Scroll            |       |       |     9 |     5 |    17 |    11 |     4 ||    46
   Stab: Paralysed         |       |       |       |     4 |       |       |       ||     4
         Confused          |       |       |       |     7 |     1 |       |       ||     8
         Distracted        |       |       |       |     1 |       |       |       ||     1
         Sleeping          |       |       |       |       |       |       |     1 ||     1
 Armour: Robe              |     6 |    32 |    75 |       |       |       |       ||   113
         Steam dragon scal |       |       |       |   126 |   132 |    23 |       ||   281
         Leather armour    |       |       |       |       |       |   251 |   145 ||   396
  Dodge: Dodged            |    12 |    18 |    99 |   183 |   223 |   278 |   212 ||  1025
  Block: Buckler           |       |       |       |       |       |    67 |    72 ||   139

Table legend: (Time is in decaauts)
 A = Elapsed time spent in this place.
 B = Non-inter-level travel time spent in this place.
 C = Inter-level travel time spent in this place.
 D = Time resting spent in this place.
 E = Time spent auto-exploring this place.
 F = Levels seen in this place.
 G = Mean time per level.
                   A        B        C        D        E       F      G
               +--------+--------+--------+--------+--------+-----+--------+
         Total |  53264 |  50092 |   3172 |  17960 |  16114 |  34 | 1566.6 |
       Dungeon |  23259 |  21714 |   1545 |   6462 |   8968 |  15 | 1550.6 |
        Temple |     40 |      7 |     33 |      0 |      0 |   1 |   40.0 |
          Lair |   8943 |   8440 |    503 |   3260 |   2730 |   5 | 1788.6 |
         Swamp |   6884 |   6536 |    348 |   2693 |   1273 |   4 | 1721.0 |
   Spider Nest |   7853 |   7436 |    417 |   3470 |   1461 |   4 | 1963.2 |
  Orcish Mines |   2258 |   2061 |    197 |    395 |   1216 |   2 | 1129.0 |
        Vaults |   2954 |   2826 |    128 |   1095 |    464 |   2 | 1477.0 |
       Ossuary |   1070 |   1070 |      0 |    584 |      0 |   1 | 1070.0 |
               +--------+--------+--------+--------+--------+-----+--------+

Top non-repeatable levels by time:
 Swamp:2: 2970 daAuts
Spider:2: 2947 daAuts
     D:7: 2570 daAuts
    D:15: 2256 daAuts
  Lair:5: 2207 daAuts
Spider:1: 2184 daAuts
Spider:4: 1985 daAuts
    D:14: 1984 daAuts
     D:6: 1980 daAuts
Vaults:1: 1959 daAuts
  Lair:3: 1863 daAuts
     D:8: 1840 daAuts
    D:10: 1785 daAuts
  Lair:2: 1685 daAuts
  Lair:1: 1658 daAuts
